Map: Taito Citadel LE

Players

HoldTheDoor - Winner!

  • Race: Protoss Protoss
  • League: Diamond
  • Spawn Location: 11:00

NobleArt

  • Race: Terran Terran
  • League: Platinum
  • Spawn Location: 5:00

VOD

Have the link to the VOD?

Description

Time

  • Played on: May 6, 2026, 12:58 p.m.
  • Length: 14:31
Show
View Real Time Build Order
Export as new Build Order

HoldTheDoor Protoss - Winner!

Build Orders: 1 Gate Expand 

Get SALT Encoding   

  12  0:00  Probe  
  13  0:12  Probe  
  14  0:17  Pylon  
  14  0:24  Probe  
  15  0:32  Probe  
  15  0:38  Gateway  
  15  0:40  Probe  
  16  0:48  Assimilator  
  17  0:50  Probe  
  18  1:02  Probe  
  19  1:05  Pylon  
  19  1:15  Probe  
  20  1:28  Cybernetics Core  
  20  1:37  Probe, Nexus  
  21  1:43  Assimilator  
  21  1:48  Pylon  
  21  1:52  Probe  
  22  1:57  Adept  
  22  2:04  Probe  
  25  2:14  Warp Gate  
  25  2:16  Probe  
  26  2:25  Pylon  
  26  2:28  Probe  
  27  2:32  Sentry  
  29  2:40  Probe  
  30  2:52  Probe  
  30  2:57  Probe  
  30  2:58  Gateway  
  32  2:59  Gateway  
  32  3:01  Pylon  
  32  3:07  Probe  
  32  3:10  Stalker, Probe  
  34  3:19  Shield Battery, Probe  
  37  3:23  Probe  
  38  3:31  Probe  
  39  3:35  Probe  
  40  3:43  Probe  
  40  3:46  Stargate  
  41  3:50  Twilight Council  
  41  3:53  Robotics Facility  
  41  3:56  Pylon  
  41  3:57  Probe  
  41  3:59  Probe  
  43  4:03  Assimilator  
  43  4:06  Stalker  
  45  4:13  Probe  
  45  4:14  Shield Battery  
  45  4:15  Probe  
  47  4:22  Charge  
  47  4:25  Probe  
  47  4:27  Probe  
  47  4:30  Phoenix  
  51  4:37  Probe  
  52  4:39  Gateway  
  52  4:40  Gateway  
  52  4:44  Observer  
  53  4:45  Probe  
  53  4:49  Probe  
  53  4:50  Assimilator  
  55  4:53  Zealot  
  55  4:55  Zealot  
  55  4:57  Zealot  
  61  5:02  Phoenix  
  63  5:13  Probe  
  64  5:15  Immortal  
  64  5:16  Probe  
  69  5:25  Probe  
  69  5:27  Pylon  
  70  5:32  Templar Archives  
  70  5:34  Pylon  
  70  5:36  Pylon  
  70  5:52  Phoenix  
  70  5:54  Immortal  
  76  6:07  Gateway  
  76  6:09  Robotics Bay, Gateway  
  76  6:11  Gateway  
  76  6:13  Gateway  
  76  6:16  Psionic Storm  
  76  6:22  Forge, Pylon  
  76  6:29  Probe  
  77  6:36  Immortal  
  77  6:38  Probe  
  77  6:39  Phoenix  
  84  6:44  Pylon  
  84  6:51  Probe x2  
  84  6:53  Zealot  
  84  6:54  Zealot x3  
  92  6:56  Sentry  
  96  7:01  Pylon  
  96  7:03  Protoss Ground Weapons Level 1  
  96  7:05  Colossus  
  102  7:26  Nexus  
  102  7:29  Pylon  
  102  7:31  Photon Cannon  
  102  7:47  Probe x2  
  102  7:50  Zealot x3  
  102  7:51  Zealot x3  
  114  7:53  Sentry  
  118  8:06  Probe x2  
  118  8:07  Colossus  
  126  8:21  Pylon  
  126  8:29  Gateway  
  126  8:31  Gateway  
  126  8:33  Gateway  
  126  8:34  Gateway  
  126  8:38  Probe x2  
  126  8:40  Probe  
  129  8:43  High Templar x3  
  129  8:44  High Templar  
  137  8:50  Probe x2  
  137  8:51  Assimilator  
  137  8:54  Probe, Assimilator  
  140  8:57  Pylon  
  140  9:00  Colossus, Photon Cannon  
  140  9:01  Shield Battery  
  140  9:05  Probe  
  147  9:17  High Templar  
  147  9:19  Zealot x3  
  155  9:25  Protoss Ground Armor Level 1, High Templar  
  157  9:33  Pylon  
  157  9:37  Pylon  
  157  9:42  Pylon  
  157  9:46  Pylon  
  157  9:47  Archon  
  157  9:51  Pylon, Extended Thermal Lance  
  157  9:58  Colossus  
  163  10:01  Forge  
  163  10:07  Phoenix  
  165  10:08  Protoss Air Weapons Level 1  
  165  10:13  Photon Cannon  
  165  10:21  Protoss Ground Weapons Level 2  
  165  10:22  Zealot x3  
  165  10:23  Zealot x4  
  165  10:24  Zealot  
  165  10:25  Zealot  
  183  10:38  Robotics Facility  
  183  10:51  Warp Prism  
  183  10:53  Pylon  
  185  10:59  Pylon  
  185  11:00  High Templar  
  185  11:01  High Templar x3, Photon Cannon  
  185  11:04  Photon Cannon  
  193  11:05  Archon x2  
  193  11:18  Robotics Facility  
  193  11:20  Pylon  
  193  11:27  Immortal  
  168  12:03  Stalker x6  
  168  12:04  Stalker x7  
  194  12:08  Immortal  
  198  13:09  Nexus  
  198  13:11  Pylon  
  198  13:14  Pylon  
  198  13:16  Assimilator  
  198  13:17  Assimilator  
  198  13:19  Pylon  
  198  13:24  Pylon  
  138  13:57  Zealot x6  
  138  13:58  Zealot x7  
  106  14:24  Stalker x3  
  106  14:25  Stalker x8  
Show
View Real Time Build Order
Export as new Build Order

NobleArt Terran 

Build Orders:  

Get SALT Encoding   

  12  0:00  SCV  
  13  0:12  SCV  
  14  0:17  Supply Depot  
  14  0:24  SCV  
  15  0:38  SCV  
  15  0:39  Barracks  
  16  0:44  Refinery  
  16  0:50  SCV  
  17  1:03  SCV  
  18  1:15  SCV  
  19  1:28  Marine  
  20  1:35  Orbital Command  
  20  1:40  Supply Depot  
  20  1:45  Bunker  
  20  1:46  Marine  
  21  2:00  Refinery  
  21  2:01  SCV  
  21  2:06  Factory  
  22  2:13  Barracks Tech Lab, SCV  
  23  2:25  SCV  
  24  2:35  Supply Depot  
  24  2:38  SCV, Marauder  
  27  2:50  SCV  
  28  3:02  SCV  
  29  3:06  Cyclone  
  29  3:08  Barracks Reactor  
  32  3:13  Command Center  
  32  3:14  SCV  
  33  3:22  Supply Depot  
  33  3:26  SCV  
  34  3:38  SCV  
  35  3:46  Siege Tank  
  38  3:49  Marine x2  
  38  3:50  SCV  
  41  4:01  Barracks  
  41  4:02  SCV  
  42  4:06  Barracks  
  42  4:16  Marine  
  42  4:17  Marine  
  43  4:22  Refinery  
  44  4:27  SCV  
  45  4:32  Starport  
  45  4:39  SCV  
  46  4:46  Marine x2  
  46  4:50  Refinery, Barracks Tech Lab  
  46  4:52  SCV  
  49  5:02  Orbital Command  
  49  5:04  Siege Tank  
  49  5:06  Barracks Tech Lab  
  52  5:07  Marine x2  
  54  5:21  Bunker  
  54  5:31  SCV x2  
  54  5:35  Marine x4  
  58  5:41  Stimpack  
  60  5:43  Combat Shield, SCV  
  60  5:44  SCV  
  62  5:54  Marine  
  62  5:55  Supply Depot x2  
  63  6:05  SCV x2  
  63  6:09  Starport Reactor  
  65  6:17  SCV x2  
  67  6:19  Marauder x2, Marine x2  
  67  6:21  Siege Tank  
  76  6:29  SCV x2  
  78  6:36  Engineering Bay  
  78  6:37  Engineering Bay  
  78  6:41  SCV x2, Supply Depot  
  78  6:44  Supply Depot, Marauder  
  78  6:46  Marauder  
  84  6:50  Medivac  
  86  7:02  Marine x2, Medivac  
  86  7:04  Terran Infantry Weapons Level 1, Terran Infantry Armor Level 1  
  86  7:05  Supply Depot  
  86  7:06  SCV x2  
  92  7:10  Missile Turret  
  92  7:19  Missile Turret  
  92  7:20  Marauder  
  92  7:22  Marauder  
  96  7:27  SCV x2  
  98  7:31  Medivac  
  98  7:33  Siege Tank  
  98  7:35  Missile Turret, Marine  
  98  7:36  Marine  
  105  7:41  SCV x2  
  107  7:54  Marauder, Marine  
  110  8:08  Command Center  
  110  8:11  Ghost Academy  
  110  8:13  Supply Depot  
  110  8:14  Supply Depot  
  110  8:23  Armory  
  110  8:35  Medivac x2, Marauder x2, Marine x2  
  110  8:37  Supply Depot  
  110  8:39  Supply Depot  
  120  8:41  SCV x2, Supply Depot  
  122  8:50  Barracks  
  122  8:57  Barracks  
  122  9:02  Barracks  
  122  9:07  Marauder  
  124  9:11  Terran Infantry Weapons Level 2  
  124  9:19  Ghost  
  126  9:39  Ghost x2  
  126  9:40  Marine x2  
  126  9:44  Factory Reactor  
  132  9:47  Supply Depot  
  132  9:48  Supply Depot, Orbital Command  
  132  9:57  Refinery  
  132  10:03  SCV x2  
  134  10:15  SCV x2  
  134  10:18  Ghost x3  
  134  10:20  Barracks Reactor, Missile Turret  
  142  10:22  Refinery, Sensor Tower  
  142  10:23  Barracks Reactor  
  142  10:25  Widow Mine x2  
  142  10:27  Terran Infantry Armor Level 2  
  146  10:38  Viking x2  
  150  10:45  Marine x2  
  150  10:46  Starport  
  152  10:55  Ghost x3  
  158  10:57  SCV  
  158  10:58  SCV  
  158  11:03  Sensor Tower  
  160  11:12  Supply Depot, Terran Vehicle And Ship Armor Level 1  
  160  11:13  Supply Depot  
  160  11:15  Viking  
  160  11:16  Viking, Factory Tech Lab  
  164  11:22  Armory  
  164  11:33  Terran Infantry Weapons Level 3  
  164  11:37  Supply Depot  
  117  12:07  Viking x2  
  117  12:08  Viking  
  123  12:09  Viking  
  125  12:28  Terran Ship Weapons Level 1  
  125  12:31  Smart Servos  
  125  12:33  SCV x2  
  127  12:45  SCV  
  127  12:46  SCV, Viking x2  
  127  12:47  Viking, Command Center  
  137  12:51  Marauder  
  137  13:18  Command Center  
  137  13:20  Marauder  
  137  13:21  Marauder x2  
  143  13:35  Widow Mine  
  142  13:41  Sensor Tower  
  88  14:02  Marauder x3  
  66  14:03  Marine  
Tags
 
Add a new tag
Caveats
  • Supply blocks, unpowered buildings, or Contaminate may cause inaccurate times.
  • Supply counts are checked every 10 seconds.